 Dungeon Crawl Stone Soup version 0.30-a0-140-gd1020e658a (webtiles) character file.

Game seed: 10793500146797145691

307 Decritt the Vexing (level 6, 0/31 HPs)
             Began as a Spriggan Hexslinger on Sept 24, 2022.
             Succumbed to a kobold brigand's poison
             ... on level 3 of the Dungeon.
             The game lasted 00:06:49 (2526 turns).

Decritt the Vexing (Spriggan Hexslinger)            Turns: 2526, Time: 00:06:49

Health: 0/31       AC:  3    Str:  6    XL:     6   Next: 16%
Magic:  6/11       EV: 19    Int: 15    God:
Gold:   97         SH:  0    Dex: 17    Spells: 10/11 levels left

rFire   + . .      SeeInvis +    a - +1 sling
rCold   + . .      Faith    .    (no shield)
rNeg    . . .      Spirit   .    c - +0 robe
rPois   +          Reflect  .    (helmet restricted)
rElec   +          Harm     .    h - +0 cloak
rCorr   +          Rampage  .    (gloves unavailable)
Will    +....                    (boots unavailable)
Stlth   ++........               (no amulet)
HPRegen 0.10/turn                (no ring)
MPRegen 0.12/turn                (no ring)

@: mighty, lethally poisoned (0 -> -1), resistant, flying, invisible, very quick
A: very small, no large weapons, unfitting armour, see invisible, speed 3
a: no special abilities


You were on level 3 of the Dungeon.
You visited 1 branch of the dungeon, and saw 3 of its levels.
You also visited: Sewer.

You collected 97 gold pieces.

Inventory:

Hand Weapons
 a - a +1 sling (weapon)
Missiles
 l - a throwing net
Armour
 c - a +0 robe (worn)
 h - a +0 cloak (worn)
Scrolls
 b - a scroll of poison
 i - a scroll of acquirement {unknown}
 j - a scroll of vulnerability {unknown}
 n - 2 scrolls of enchant weapon {unknown}
Potions
 d - a potion of resistance


   Skills:
 + Level 2.3 Fighting
 + Level 3.4 Ranged Weapons
 + Level 4.6 Dodging
 - Level 3.0 Spellcasting
 + Level 5.0 Hexes


You had 10 spell levels left.
You knew the following spells:

 Your Spells              Type           Power      Damage    Failure   Level
a - Slow                  Hex            68%        N/A       2%          1

Your spell library contained the following spells:

 Spells                   Type           Power      Damage    Failure   Level
 Inner Flame              Hex/Fire       9%         N/A       22%         3
 Portal Projectile        Hex/Tloc       18%        N/A       22%         3
 Cause Fear               Hex            8%         N/A       24%         4


Dungeon Overview and Level Annotations

Branches:
Dungeon (3/15)              Sewer (visited)

Altars:

Annotations:
D:3 3 runed translucent doors, nj0rd12's ghost, amateur GrEE


Innate Abilities, Weirdness & Mutations

You are very small and have problems with some larger weapons.
You are too small for most types of armour.
You have supernaturally acute eyesight. (SInv)
You cover ground extremely quickly. (Speed+++)


Message History

The poisoned dart misses you.
Fire: a) +1 sling
Press: ? - help, Q - select action, (/) - cycle Shift-Dir - straight line, f/p - kobold brigand
Aim: a kobold brigand, wielding a +1 dagger of holy wrath and quivering poisoned darts (severely wounded, slow, 53% to hit)
You shoot a sling bullet.
The sling bullet hits the kobold brigand.
The kobold brigand is severely wounded.
The kobold brigand throws a poisoned dart.
The poisoned dart hits you!
You are lethally poisoned!
* * * LOW HITPOINT WARNING * * *
You feel very sick.
* * * LOW HITPOINT WARNING * * *
You feel sick.
There is a gate leading back out of this place here.
* * * LOW HITPOINT WARNING * * *
You feel sick.
The kobold brigand throws a poisoned dart.
The poisoned dart closely misses you.
Welcome back to the Dungeon!
Level annotation: 3 runed translucent doors, nj0rd12's ghost, amateur GrEE
* * * LOW HITPOINT WARNING * * *
You feel sick.
There is a collapsed entrance here.
It was a potion of might.
You feel very mighty all of a sudden.
* * * LOW HITPOINT WARNING * * *
You feel sick.
It was a potion of flight.
You feel very buoyant.
You fly up into the air.
* * * LOW HITPOINT WARNING * * *
You feel sick.
Unknown command.
It was a potion of invisibility.
You fade into invisibility!
* * * LOW HITPOINT WARNING * * *
You feel sick.
You feel protected.
You die...

##########
#~~~+~~..#
#~@~#~~~.#
#~~~#~~~.#
###'#~~..#
#~~~~~...##
#~~~~~...(###
#~~~..֠....####
#.........#....#
##############.#
#.##


There were no monsters in sight!

Vanquished Creatures
  2 kobold brigands (Sewer)
  3 adders
  4 gnolls (D:2)
  3 river rats
  2 worms
  A dart slug (D:2)
  3 orcs (D:3)
  9 endoplasms
  5 giant cockroaches
  7 goblins
  4 hobgoblins
  3 quokkas
  4 ball pythons (Sewer)
  A bat (D:2)
  4 frilled lizards
  8 kobolds
  13 rats
76 creatures vanquished.

Vanquished Creatures (others)
  3 withered plants (D:3)
3 creatures vanquished.

Grand Total: 79 creatures vanquished

Notes
Turn   | Place    | Note
-------+----------+-------------------------------------------
     0 | D:1      | Decritt the Spriggan Hexslinger began the quest for the
                  | Orb.
     0 | D:1      | Reached XP level 1. HP: 9/9 MP: 3/3
    80 | D:1      | Reached skill level 1 in Fighting
   101 | D:1      | Reached XP level 2. HP: 14/14 MP: 5/5
   641 | D:2      | Reached skill level 4 in Hexes
   646 | D:2      | Reached XP level 3. HP: 18/18 MP: 7/7
   945 | D:2      | Reached XP level 4. HP: 8/22 MP: 8/8
  1827 | D:3      | Found a runed translucent gate.
  1828 | D:3      | Found a runed translucent gate.
  1829 | D:3      | Found a runed translucent gate.
  1830 | D:3      | Noticed nj0rd12's ghost (amateur GrEE)
  1931 | D:3      | Found a glowing drain.
  1944 | D:3      | Reached XP level 5. HP: 25/26 MP: 10/10
  1970 | Sewer    | Entered a sewer
  2368 | Sewer    | Reached skill level 5 in Hexes
  2368 | Sewer    | Reached XP level 6. HP: 31/31 MP: 11/11
  2525 | D:3      | HP: 1/31 [poisoned by a kobold brigand]
  2526 | D:3      | Succumbed to a kobold brigand's poison

Illustrated notes

Levels and vault maps discovered:
D:1:      minmay_arrival_diagonal_passages, layout_rooms
D:2:      layout_rooms, minmay_surrounded
D:3:      layout_rooms, ebering_ecumenical_altar_petrified,
          portal_sewer_entry_e, gammafunk_ghost_necromancy

Skill      XL: |  1  2  3  4  5 |
---------------+----------------+-----
Fighting       | 1 2 |  2.3
Dodging        | 3 4 |  4.6
Spellcasting   | 2 3 |  3.0
Hexes          | 4 5 |  5.0
Ranged Weapons | 3 |  3.4

Action                   |  1- 3 |  4- 6 || total
-------------------------+-------+-------++-------
 Fire: Sling             |   102 |   175 ||   277
 Cast: Slow              |       |    12 ||    12
  Use: Scroll            |       |     3 ||     3
       Potion            |       |     4 ||     4
Armor: Robe              |     4 |     7 ||    11
Dodge: Dodged            |    24 |    73 ||    97

Table legend: (Time is in decaauts)
 A = Elapsed time spent in this place.
 B = Non-inter-level travel time spent in this place.
 C = Inter-level travel time spent in this place.
 D = Time resting spent in this place.
 E = Time spent auto-exploring this place.
 F = Levels seen in this place.
 G = Mean time per level.
                   A        B        C        D        E       F      G
               +--------+--------+--------+--------+--------+-----+--------+
         Total |   2204 |   2169 |     35 |    256 |   1338 |   4 |  551.0 |
       Dungeon |   1653 |   1618 |     35 |    256 |    975 |   3 |  551.0 |
         Sewer |    550 |    550 |      0 |      0 |    362 |   1 |  550.0 |
               +--------+--------+--------+--------+--------+-----+--------+

Top non-repeatable levels by time:
     D:2: 873 daAuts
   Sewer: 550 daAuts
     D:3: 403 daAuts
     D:1: 376 daAuts
